 Dungeon Crawl Stone Soup version 0.23-b1-59-g586d0d887c (webtiles) character file.

Game seed: 6556860825823704916

23 McKennaii the Ruffian (level 2, -1/23 HPs)
             Began as a Draconian Transmuter on Feb 4, 2019.
             Slain by a kobold (3 damage)
             ... on level 2 of the Dungeon.
             The game lasted 00:00:55 (229 turns).

McKennaii the Ruffian (Draconian Transmuter)         Turns: 229, Time: 00:00:56

Health: -1/23      AC:  4    Str: 11 (12) XL:     2   Next: 75%
Magic:  4/5        EV: 12    Int: 11 (13) God:
Gold:   13         SH:  0    Dex: 10 (11) Spells: 4/5 levels left

rFire    . . .     SeeInvis .     - Unarmed
rCold    . . .     Gourm    .   (no shield)
rNeg     . . .     Faith    .   (armour unavailable)
rPois    +         Spirit   .   (helmet restricted)
rElec    .         Reflect  .   (no cloak)
rCorr    .         Harm     .   (no gloves)
MR       .....                  (no boots)
Stlth    +.........             (no amulet)
HPRegen  0.07/turn              e - ring of poison resistance
MPRegen  0.09/turn              (no ring)

@: lethally poisoned (-1 -> -4), appendage (expiring)
A: unfitting armour, horns 2, cold-blooded, AC +4
a: End Transformation


You were on level 2 of the Dungeon.
You were not hungry.
You had grown temporary horns.
You visited 1 branch of the dungeon, and saw 2 of its levels.

You collected 13 gold pieces.

Inventory:

Missiles
 a - 12 arrows
Jewellery
 e - a ring of poison resistance (left hand)
Scrolls
 g - a scroll of remove curse {unknown}
Potions
 f - a potion of ambrosia {unknown}
Comestibles
 c - a ration


   Skills:
 + Level 1.2 Fighting
 + Level 2.0 Dodging
 + Level 3.5 Unarmed Combat
 + Level 2.3 Spellcasting
 + Level 2.1 Transmutations


You had 4 spell levels left.
You knew the following spells:

 Your Spells              Type           Power        Failure   Level  Hunger
a - Beastly Appendage     Tmut           #.....       12%         1    ##.....

Your spell library contained the following spells:

 Spells                   Type           Power        Failure   Level  Hunger
 Sticks to Snakes         Tmut           #.......     19%         2    ###....
 Spider Form              Tmut/Pois      #.........   50%         3    ####...
 Ice Form                 Ice/Tmut       #.......     88%         4    #####..
 Blade Hands              Tmut           #.........   97%         5    ######.


Dungeon Overview and Level Annotations

Branches:
Dungeon (2/15)

Altars:


Innate Abilities, Weirdness & Mutations

Your plain brown scales are hard. (AC +4)
You cannot fit into any form of body armour.
You are cold-blooded and may be slowed by cold attacks.
You have a pair of horns on your head.


Message History

The kobold throws a stone.
The stone hits you but does no damage. The kobold hits you but does no damage.
Unknown command.
Casting: Beastly Appendage (safe; 12% risk of failure)
Confirm with . or Enter, or press ? or * to list all spells.
You grow a pair of large bovine horns.
Your transformation is almost over.
The kobold hits you but does no damage. The kobold hits you but does no damage.
You hit the kobold.
You kill the kobold!
You feel sick. The kobold hits you.
* * * LOW HITPOINT WARNING * * *
The kobold hits you.
* * * LOW HITPOINT WARNING * * *
You see here a +0 short sword.
You miss the kobold.
The kobold is moderately wounded.
The kobold hits you.
You die...

#.. .. .... #.# #..###
####### ... #..#..
.....# ..# ##..#.#
#....# # ... ...#.#
#<...#.# #
..#####.#.####....#.#...
.>......................
......#.#.....$.@.#
#.##....###()(..K.#
...#.......(......#
#..#.#####.(......#
......# #........#
...#### #...^.###.. ...#
####### ... #### ....
....


You could see a kobold.

Vanquished Creatures
  An adder (D:2)
  A bat (D:1)
  2 goblins (D:2)
  2 hobgoblins (D:1)
  3 jackals (D:1)
  A frilled lizard (D:1)
  A kobold (D:2)
  3 rats (D:1)
14 creatures vanquished.

Notes
Turn   | Place    | Note
-------+----------+-------------------------------------------
     0 | D:1      | McKennaii the Draconian Transmuter began the quest for the
                  | Orb.
     0 | D:1      | Reached XP level 1. HP: 16/16 MP: 3/3
   128 | D:1      | Reached XP level 2. HP: 19/23 MP: 3/5
   161 | D:1      | You fall through a shaft!
   228 | D:2      | HP: 1/23 [kobold (4)]
   229 | D:2      | Slain by a kobold

Skill      XL: |  1  2 |
---------------+-------+-----
Dodging        | 2 |  2.0
Fighting       | |  1.2
Unarmed Combat | |  3.5
Spellcasting   | |  2.3
Transmutations | |  2.1

Action                   || total
-------------------------++-------
Melee: Unarmed           ||    54
       Tailslap          ||     6
       Headbutt          ||     3
       Kick              ||     1
 Cast: Beastly Appendage ||     5
  Use: Potion            ||     2
Armor: Skin              ||    28
Dodge: Dodged            ||    34
